 Dungeon Crawl Stone Soup version 0.18.1-48-g4cf74bf (webtiles) character file.

589 Pierrem the Shield-Bearer (level 7, -9/60 HPs)
             Began as a Minotaur Fighter on Aug 8, 2016.
             Mangled by a warg (11 damage)
             ... on level 6 of the Dungeon.
             The game lasted 00:43:12 (5704 turns).

Pierrem the Shield-Bearer (Minotaur Fighter)        Turns: 5704, Time: 00:43:12

Health: -9/60      AC: 10    Str: 23    XL:     7   Next: 15%
Magic:  6/6        EV:  7    Int:  5    God:    Xom [..*...]
Gold:   229        SH: 10    Dex:  9    Spells: 0 memorised, 6 levels left

rFire  . . .     SeeInvis .     R - +0 club (chaos)
rCold  + . .     Gourm    .     O - +0 chain mail
rNeg   . . .     Faith    .     c - +0 shield
rPois  .         Spirit   .     (helmet restricted)
rElec  .         Dismiss  .     (no cloak)
rCorr  .         Reflect  .     (no gloves)
SustAt .         Harm     .     (no boots)
MR     .....                    (no amulet)
Stlth  ..........               g - ring of loudness
                                E - ring of protection from cold

@: not resistant to hostile enchantments, extremely unstealthy
A: retaliatory headbutt, horns 2
a: Renounce Religion


You were on level 6 of the Dungeon.
You worshipped Xom.
You were a toy of Xom.
You were not hungry.

You visited 2 branches of the dungeon, and saw 9 of its levels.

You collected 229 gold pieces.

Inventory:

Hand Weapons
 a - a +0 rapier
 D - a +0 flail
 I - a +4 dagger
 K - a +0 bardiche
 N - a +0 trident
 Q - a -1 blowgun
 R - a +0 club of chaos (weapon)
Missiles
 b - 18 sling bullets
 l - 6 needles of confusion
 o - 102 stones (quivered)
 J - 3 tomahawks
 V - 20 poisoned needles
 X - 8 needles of sleeping
Armour
 c - a +0 shield (worn)
 j - a +0 chain mail
 G - a +0 robe
 O - a +0 chain mail (worn)
 Z - a +0 shield
Jewellery
 g - a ring of loudness (right hand)
 E - a ring of protection from cold (left hand)
Wands
 L - a wand of lightning (3/15)
 W - a wand of lightning (4/15)
Scrolls
 i - 11 scrolls of identify
 p - a scroll of enchant armour {unknown}
 r - 2 scrolls of amnesia
 C - a scroll of random uselessness {unknown}
 F - a scroll of enchant weapon {unknown}
 P - 2 scrolls of recharging
 U - a scroll of blinking {unknown}
Potions
 d - a potion of might
 e - a potion of mutation {unknown}
 h - 3 potions of heal wounds {unknown}
 t - 2 potions of cure mutation {unknown}
 u - 2 potions of ambrosia {unknown}
 H - 2 potions of curing {unknown}
 M - a potion of magic {unknown}
 S - a potion of agility {unknown}
 T - a potion of berserk rage {unknown}
Books
 Y - a book of the Warp

   Spells                             Type                      Level
   a - Recall                         Summoning/Translocation      3
   b - Gell's Gravitas                Hexes/Translocation          3
   c - Force Lance                    Conjuration/Translocation    4
   d - Warp Weapon                    Charms/Translocation         5
   e - Summon Forest                  Summoning/Translocation      5
Comestibles
 f - 4 bread rations
 k - a meat ration
 s - a slice of pizza


   Skills:
 + Level 4.3 Fighting
 + Level 3.1 Short Blades
 + Level 0.5 Maces & Flails
 + Level 1.2 Polearms
 + Level 6.1 Armour
 + Level 2.7 Dodging
 + Level 0.3 Stealth
 + Level 6.6 Shields


You had 6 spell levels left.
You didn't know any spells.

Dungeon Overview and Level Annotations

Branches:
Dungeon (8/15)             Temple (1/1) D:6
   Lair: D:8-11

Altars:
Ashenzari
Cheibriados
Dithmenos
Elyvilon
Fedhas
Kikubaaqudgha
Makhleb
Nemelex Xobeh
Pakellas
Qazlal
Ru
Sif Muna
Vehumet
Xom
Yredelemnul
Zin
The Shining One


Innate Abilities, Weirdness & Mutations

You reflexively headbutt those who attack you in melee.
You have a pair of horns on your head.


Message History

* * * LOW HITPOINT WARNING * * *
The kobold throws a stone.
You block the stone.
You see here a stone.
You block the warg's attack. The warg closely misses you.
A jackal comes into view.
The jackal barks!
You hear a distant slurping noise.
A jackal comes into view.
The warg misses you.
There is a stone staircase leading up here.
You can't go down here!
The warg barely misses you. You furiously retaliate!
You headbutt the warg.
You climb upwards.
There is a stone staircase leading down here.
Xom's attention turns to you for a moment.
You feel a wrenching sensation. The warg bites you.
* * * LOW HITPOINT WARNING * * *
The warg bites you!
You die...
Xom is highly amused!

... #........... #.#
#........... #.#
#........... #.#
####........ #.#
#........ #.#
#........
#.############....
#>h......... ..... #
#@...####### #.
#.##....### #.
#.........# #.
#.##....#.##### ##
#.............#######
###......####.##....#
#.#....####.##.##.#
#.#.#.......##.##..
#.........####.####


You could see a warg.

Vanquished Creatures
  A water moccasin (D:7)
  A scorpion (D:4)
  A howler monkey (D:5)
  A jelly (D:7)
  An iguana (D:4)
  3 worker ants
  8 gnolls
  7 adders
  A shadow imp (D:7)
  An ooze (D:5)
  4 worms
  5 dart slugs
  7 giant geckos
  3 orcs
  8 bats
  6 giant cockroaches
  4 goblins
  7 hobgoblins
  12 jackals
  4 quokkas
  2 ball pythons
  A ball python zombie (D:5)
  A giant gecko zombie (D:5)
  6 giant newts
  5 kobolds
  5 rats
105 creatures vanquished.

Notes
Turn   | Place    | Note
--------------------------------------------------------------
     0 | D:1      | Pierrem the Minotaur Fighter began the quest for the Orb.
     0 | D:1      | Reached XP level 1. HP: 19/19 MP: 0/0
    11 | D:1      | Noticed a minotaur
    11 | D:1      | Noticed a human
    13 | D:1      | Noticed a merfolk
    13 | D:1      | Noticed a vine stalker
    15 | D:1      | Noticed a halfling
    18 | D:1      | Noticed a gargoyle
    18 | D:1      | Noticed a dwarf
    20 | D:1      | Noticed an elf
    20 | D:1      | Noticed a draconian
    22 | D:1      | Noticed a vampire
    22 | D:1      | Noticed a ghoul
    24 | D:1      | Noticed a demonspawn
    24 | D:1      | Noticed a naga
    26 | D:1      | Noticed a demigod
    26 | D:1      | Noticed a felid
    29 | D:1      | Noticed a formicid
    31 | D:1      | Noticed an ogre
    31 | D:1      | Noticed a spriggan
    33 | D:1      | Noticed an octopode
    33 | D:1      | Noticed a troll
    35 | D:1      | Noticed a centaur
    37 | D:1      | Noticed a tengu
   372 | D:1      | Reached XP level 2. HP: 27/27 MP: 1/1
   808 | D:2      | Reached XP level 3. HP: 32/33 MP: 2/2
  1617 | D:3      | Reached XP level 4. HP: 40/40 MP: 3/3
  1724 | D:2      | Found a faded altar to an unknown god.
  1945 | D:3      | Reached skill level 1 in Dodging
  2000 | D:2      | Reached skill level 5 in Shields
  2078 | D:2      | Reached skill level 5 in Armour
  2487 | D:3      | Reached XP level 5. HP: 46/46 MP: 4/4
  2928 | D:4      | Found a sand-covered staircase.
  3084 | D:4      | Reached XP level 6. HP: 32/52 MP: 5/5
  3405 | D:4      | Found a shimmering altar of Xom.
  3432 | D:4      | Became a worshipper of Xom of Chaos
  3488 | D:4      | XOM: harmless Erth miscast
  3551 | D:4      | Found a sacrificial altar of Ru.
  3567 | D:4      | Found a deep blue altar of Sif Muna.
  3590 | D:4      | Found a white marble altar of Elyvilon.
  3592 | D:4      | Found a basalt altar of Yredelemnul.
  3628 | D:5      | Entered Level 5 of the Dungeon
  3817 | D:5      | Found a glowing silver altar of Zin.
  3823 | D:5      | XOM: silly message
  4116 | D:6      | XOM: harmless Hex miscast
  4162 | D:6      | XOM: harmless Hex miscast
  4575 | D:6      | Found a staircase to the Ecumenical Temple.
  4598 | Temple   | Entered the Ecumenical Temple
  4734 | Temple   | XOM: god gift: 8 needles of sleeping
  4998 | D:7      | Noticed a water moccasin
  5001 | D:7      | XOM: cast spell 'Summon Butterflies'
  5004 | D:7      | Killed a water moccasin
  5229 | D:7      | XOM: 1-stop teleportation journey
  5260 | D:7      | Reached skill level 1 in Polearms
  5260 | D:7      | Reached XP level 7. HP: 53/60 MP: 6/6
  5530 | D:7      | XOM: cast spell 'Statue Form'
  5687 | D:7      | XOM: harmless Air miscast
  5688 | D:7      | XOM: divination: detect items
  5689 | D:7      | HP: 3/60 [warg (3)]
  5704 | D:6      | XOM: harmless Tloc miscast
  5704 | D:6      | HP: 2/60 [warg (4)]
  5704 | D:6      | Mangled by a warg

Skill      XL: |  1  2  3  4  5  6 |
---------------+-------------------+-----
Shields        | 4 5 6 |  6.6
Armour         | 4 5 6 |  6.1
Fighting       | 4 |  4.3
Dodging        | 1 2 |  2.7
Short Blades   | 3 |  3.1
Polearms       | 1 |  1.2
Maces & Flails | |  0.5
Stealth        | |  0.3

Action                   |  1- 3 |  4- 6 |  7- 9 || total
-------------------------+-------+-------+-------++-------
Melee: Rapier            |   111 |   118 |       ||   229
       Headbutt          |    15 |    40 |     3 ||    58
       Trident           |       |    32 |       ||    32
       Club              |       |    35 |     3 ||    38
       Dagger            |       |    22 |    12 ||    34
 Fire: Blowgun           |       |       |    20 ||    20
  Use: Scroll            |     2 |     1 |     1 ||     4
  Eat: Meat ration       |     2 |     1 |       ||     3
       Bread ration      |       |     1 |       ||     1
Armor: Scale mail        |    10 |       |       ||    10
       Chain mail        |    76 |    98 |    23 ||   197
       Ring mail         |    16 |    23 |       ||    39
Dodge: Dodged            |    42 |    76 |    11 ||   129
Block: Shield            |   108 |   172 |    27 ||   307
